 Dungeon Crawl Stone Soup version 0.29.1-15-g9cfb28693d (console) character file.

Game seed: 4022796156345849981

2290 om the Protected (level 9, 0/60 HPs)
             Began as a Djinni Fire Elementalist on Apr 12, 2023.
             Was an Initiate of Ashenzari.
             Slain by an orc knight
             ... wielding a +0 battleaxe
              (17 damage)
             ... in a bailey.
             The game lasted 00:22:01 (9546 turns).

om the Protected (Djinni Fire Elementalist)         Turns: 9546, Time: 00:22:02

Health: 0/60       AC: 13    Str:  7    XL:     9   Next: 66%
Gold:   372        EV: 11    Int: 19    God:    Ashenzari [......] SH:  0 Dex: 16

rFire   + + .      SeeInvis +   b - +2 short sword (venom)
rCold   . . .      Faith    .   (no shield)
rNeg    + . .      Spirit   .   p - +5 ring mail of the Forest {rC+}
rPois   ∞          Reflect  .   (no helmet)
rElec   .          Harm     .   w - +0 cloak
rCorr   .          Rampage  .   (no gloves)
Will    .....                   (boots unavailable)
Stlth   +.........              (no amulet)
HPRegen 0.20/turn               k - ring of see invisible
MPRegen 0.00/turn               q - ring of positive energy

@: confusing by touch, flying
A: sickness immunity, fire resistance 2, cold vulnerability 1, float, innate
caster, HP casting, extra vitality 1
a: Renounce Religion, Curse Item


You were in a bailey.
You worshipped Ashenzari.
Ashenzari was noncommittal.
You visited 1 branch of the dungeon, and saw 7 of its levels.
You also visited: Bailey.

You collected 372 gold pieces.

Inventory:

Hand Weapons
 b - a +2 short sword of venom (weapon)
Armour
 p - the +5 ring mail of the Forest (worn) {rC+}
   (You found it on level 3 of the Dungeon)

   rC:        It protects you from cold.
 w - a +0 cloak (worn)
Jewellery
 k - a ring of see invisible (left hand)
 q - a ring of positive energy (right hand)
 s - a ring of resist corrosion
Wands
 a - a wand of light (3)
Scrolls
 e - a scroll of fear
 f - 4 scrolls of teleportation
 g - a scroll of enchant weapon
 i - a scroll of torment {unknown}
 l - a scroll of vulnerability {unknown}
 m - a scroll of amnesia {unknown}
 n - 3 scrolls of noise {unknown}
 o - 3 scrolls of immolation
 r - a scroll of silence {unknown}
 u - a scroll of magic mapping {unknown}
 x - a scroll of enchant armour {unknown}
Potions
 c - a potion of berserk rage {unknown}
 d - 2 potions of heal wounds
 h - 2 potions of haste
 j - a potion of might
 t - a potion of brilliance
 v - a potion of ambrosia {unknown}


   Skills:
 - Level 3.0 Fighting
 + Level 2.2 Short Blades
 - Level 8.0 Armour
 - Level 5.0 Dodging
 - Level 2.0 Stealth
 * Level 5.8 Spellcasting


You couldn't memorise any spells.
You knew the following spells:

 Your Spells              Type           Power      Damage    Failure   Level
a - Foxfire               Conj/Fire      100%       2x1d9     3%          1
b - Scorch                Fire           54%        2d7       4%          2
c - Conjure Flame         Conj/Fire      27%        6-21      9%          3
d - Inner Flame           Hex/Fire       27%        N/A       9%          3
e - Flame Wave            Conj/Fire      27%        2d9       28%         4
f - Slow                  Hex            100%       N/A       3%          1
g - Ensorcelled Hibernat  Hex/Ice        54%        N/A       4%          2
h - Confusing Touch       Hex            27%        N/A       9%          3
i - Passage of Golubria   Tloc           27%        N/A       28%         4
Your spell library was empty.

Dungeon Overview and Level Annotations

Branches:
Dungeon (7/15)             Temple (0/1) D:4          Bailey (1/1)

Altars:
Ashenzari
Makhleb
Ru
Zin

Shops:
D:6 *


Innate Abilities, Weirdness & Mutations

You are immune to sickness and miasma.
You are immune to poison.
Your flesh is very heat resistant. (rF++)
You are vulnerable to cold. (rC-)
You float through the air rather than walking.
You learn spells naturally, not from books.
Your magical power is your life essence.
You have superior vitality. (+4 MHP)


Message History

Casting: Foxfire (safe; 3% risk of failure)
Confirm with . or Enter, or press ? or * to list all spells.
Aiming: Ensorcelled Hibernation (safe; 4% risk of failure)
Press: ? - help, Shift-Dir - straight line, f - orc knight
Aim: an orc knight, wielding a +0 battleaxe and wearing a +0 scale mail (wandering, hasn't noticed you, chance to affect: 40%)
Okay, then.
Unknown command.
Casting: Ensorcelled Hibernation (safe; 4% risk of failure)
Confirm with . or Enter, or press ? or * to list all spells.
You don't know that spell.
Casting: Ensorcelled Hibernation (safe; 4% risk of failure)
Confirm with . or Enter, or press ? or * to list all spells.
Aiming: Ensorcelled Hibernation (safe; 4% risk of failure)
Press: ? - help, Shift-Dir - straight line, f - orc knight
Aim: an orc knight, wielding a +0 battleaxe and wearing a +0 scale mail (wandering, hasn't noticed you, chance to affect: 40%)
The orc knight shouts!
The orc knight resists with some effort.
Casting: Ensorcelled Hibernation (safe; 4% risk of failure)
Confirm with . or Enter, or press ? or * to list all spells.
Your hands begin to glow red.
The orc knight hits you with a +0 battleaxe!!
A goblin comes into view. It is wielding a +0 hand axe.
You barely miss the orc knight.
The orc knight hits you with a +0 battleaxe.
* * * LOW HITPOINT WARNING * * *
You hit the orc knight but do no damage.
The orc knight misses you.
You hit the orc knight but do no damage.
You hit the orc knight but do no damage.
The orc knight closely misses you.
You barely miss the orc knight.
The orc knight hits you but does no damage.
You barely miss the orc knight.
The orc knight hits you but does no damage.
You closely miss the orc knight.
The orc knight hits you with a +0 battleaxe.
* * * LOW HITPOINT WARNING * * *
You hit the orc knight but do no damage.
The orc knight hits you with a +0 battleaxe!
You die...

........## .........#
.........# ...⌠.....#
.........# .........
.g......### ♣♣♣♣♣♣
#'#.### ♣.♣..♣
###.)...###♣♣♣....♣
##..)go....##......♣♣♣
#......@....#........♣
#...........'.......♣♣
#.....⌠)....'..∩.∩..♣♣
#...........'........♣
#.....).....#).......♣
##.........##.......♣♣
###.....###♣.♣....♣♣
#+#.### ♣♣♣..♣.♣ ###
♣♣♣♣♣♣


You could see an orc knight and a goblin.

Vanquished Creatures
  Maggie (D:6)
  A water moccasin (D:6)
  2 ice beasts (D:6)
  An orc warrior (D:7)
  2 black bears
  3 ogres
  A scorpion (D:4)
  A bullfrog (D:7)
  A necrophage (D:4)
  A howler monkey (D:4)
  4 jellies
  3 orc priests
  A gnoll bouda (D:5)
  A hound (D:3)
  Crazy Yiuf (D:5)
  4 iguanas
  10 orc wizards
  12 gnolls
  7 adders
  A white imp (D:6)
  A worm (D:3)
  3 dart slugs
  21 orcs
  9 ball pythons
  7 bats
  6 endoplasms
  3 giant cockroaches
  11 goblins
  12 hobgoblins
  6 jackals
  3 quokkas
  2 frilled lizards (D:2)
  6 kobolds
  7 rats
155 creatures vanquished.

Vanquished Creatures (others)
  362 foxfires
362 creatures vanquished.

Grand Total: 517 creatures vanquished

Notes
Turn   | Place    | Note
-------+----------+-------------------------------------------
     0 | D:1      | om the Djinni Fire Elementalist began the quest for the
                  | Orb.
     0 | D:1      | om set off with the following spells memorised: Foxfire,
                  | Scorch, Conjure Flame, Inner Flame, Flame Wave.
     0 | D:1      | Reached XP level 1. HP: 15/15 MP: 0/0
   133 | D:1      | Reached XP level 2. HP: 13/21 MP: 0/0
   740 | D:1      | Reached XP level 3. HP: 22/25 MP: 0/0
   740 | D:1      | Learned a level 1 spell: Slow
  1581 | D:2      | Reached skill level 1 in Fighting
  1581 | D:2      | Reached XP level 4. HP: 30/32 MP: 0/0
  1883 | D:2      | Found a sacrificial altar of Ru.
  2366 | D:2      | Found a faded altar of an unknown god.
  2662 | D:3      | Found a glowing silver altar of Zin.
  2706 | D:3      | Reached XP level 5. HP: 20/37 MP: 0/0
  2706 | D:3      | Learned a level 2 spell: Ensorcelled Hibernation
  3038 | D:3      | Identified the +5 ring mail of the Forest {rC+}
  3055 | D:3      | Reached XP level 6. HP: 3/43 MP: 0/0
  4335 | D:3      | Reached skill level 1 in Armour
  4952 | D:4      | Found a staircase to the Ecumenical Temple.
  5019 | D:4      | Reached skill level 2 in Armour
  5019 | D:4      | Reached XP level 7. HP: 36/49 MP: 0/0
  5019 | D:4      | Learned a level 3 spell: Confusing Touch
  5342 | D:4      | Reached skill level 3 in Armour
  5477 | D:4      | You are sucked into a shaft and drop 2 floors!
  5547 | D:6      | Reached XP level 8. HP: 53/56 MP: 0/0
  5610 | D:6      | Reached skill level 4 in Armour
  5617 | D:5      | Entered Level 5 of the Dungeon
  6099 | D:4      | Found a broken altar of Ashenzari.
  6100 | D:4      | Found a burning altar of Makhleb.
  6176 | D:4      | Became a worshipper of Ashenzari the Shackled
  6271 | D:4      | Reached skill level 5 in Spellcasting
  6842 | D:5      | Reached skill level 5 in Armour
  7301 | D:5      | Reached skill level 6 in Armour
  7514 | D:5      | Found a runed translucent door.
  7515 | D:5      | Noticed Crazy Yiuf
  7523 | D:5      | Killed Crazy Yiuf
  7795 | D:6      | Noticed Maggie
  7960 | D:6      | Reached skill level 7 in Armour
  7999 | D:6      | Reached XP level 9. HP: 53/60 MP: 0/0
  7999 | D:6      | Learned a level 4 spell: Passage of Golubria
  8151 | D:6      | Reached skill level 1 in Short Blades
  8365 | D:6      | Killed Maggie
  8552 | D:6      | Found Qate's Serpentskin Sales.
  9038 | D:7      | Reached skill level 8 in Armour
  9038 | D:7      | Reached skill level 5 in Dodging
  9068 | D:7      | Found a flagged portal.
  9244 | Bailey   | Entered a bailey
  9534 | Bailey   | Noticed an orc knight
  9546 | Bailey   | Slain by an orc knight

Illustrated notes

Levels and vault maps discovered:
D:1:      lemuel_arrival_cross, layout_basic
D:2:      layout_loops_ring, basic_altar, hellmonk_ecumenical_altar_run_dry,
          minmay_fractal_squares_gapless_5
D:3:      layout_basic, general_overflow_altar
D:4:      layout_cave_pods, nicolae_overflow_two_pavilions, temple_statues,
          eino_small_chamber_without_monster, minmay_misc_feat_five,
          minivault_19
D:5:      layout_basic, uniq_crazy_yiuf_cottage
D:6:      layout_cave_pools, guppyfry_shop_venom, uniq_maggie
D:7:      layout_basic, enter_bailey_7, uniq_pikel, uniq_menkaure
Bailey:   bailey_axe_minmay_hex_keep, bailey

Skill      XL: |  1  2  3  4  5  6  7  8  9 |
---------------+----------------------------+-----
Stealth        | 2 |  2.0
Spellcasting   | 3 4 5 |  5.8
Fighting       | 1 2 3 |  3.0
Dodging        | 3 4 5 |  5.0
Armour         | 2 3 7 8 |  8.0
Short Blades   | 2 |  2.2

Action                   |  1- 3 |  4- 6 |  7- 9 || total
-------------------------+-------+-------+-------++-------
Melee: Short sword       |     8 |    44 |    74 ||   126
       Punch             |       |       |     1 ||     1
 Cast: Foxfire           |    34 |    58 |   119 ||   211
       Scorch            |    13 |    47 |    71 ||   131
       Conjure Flame     |       |     1 |     4 ||     5
       Inner Flame       |       |     1 |       ||     1
       Confusing Touch   |       |       |     3 ||     3
       Ensorcelled Hiber |       |       |     2 ||     2
  Use: Scroll            |       |     8 |     2 ||    10
       Potion            |       |       |     3 ||     3
 Stab: Sleeping          |     1 |       |     1 ||     2
Armor: Robe              |     4 |     7 |       ||    11
       Ring mail         |       |    26 |    55 ||    81
Dodge: Dodged            |    15 |    64 |    73 ||   152
